Map: Jagannatha LE

Players

GunGFuBanDa - Winner!

  • Race: Protoss Protoss
  • League: Grandmaster
  • Spawn Location: 1:00

MaxPax

  • Race: Protoss Protoss
  • League: Grandmaster
  • Spawn Location: 7:00

Event: DreamHack SC2 Masters 2020 Winter

VOD

Have the link to the VOD?

Description

Time

  • Played on: Oct. 23, 2020, 11:45 a.m.
  • Length: 11:09

All games in this series

Show
View Real Time Build Order
Export as new Build Order

GunGFuBanDa Protoss - Winner!

Build Orders: Phoenix Opening 

Get SALT Encoding   

  12  0:00  Probe  
  13  0:12  Probe  
  14  0:17  Pylon  
  14  0:24  Probe (Chrono Boost)  
  15  0:36  Probe (Chrono Boost)  
  15  0:38  Gateway  
  16  0:44  Probe (Chrono Boost)  
  16  0:48  Assimilator  
  17  0:51  Probe  
  17  0:55  Assimilator  
  18  1:03  Probe (Chrono Boost)  
  19  1:12  Probe (Chrono Boost)  
  19  1:17  Gateway, Probe (Chrono Boost)  
  20  1:25  Cybernetics Core  
  21  1:29  Probe  
  22  1:36  Pylon  
  22  1:42  Pylon  
  22  1:45  Probe  
  23  1:58  Probe  
  24  2:03  Warp Gate  
  24  2:04  Adept x2  
  28  2:15  Cybernetics Core  
  28  2:21  Probe  
  29  2:26  Pylon  
  29  2:39  Stalker  
  29  2:43  Stalker  
  32  2:53  Probe  
  33  3:05  Stargate  
  33  3:19  Probe  
  34  3:22  Shield Battery  
  34  3:31  Nexus  
  34  3:38  Probe  
  35  3:47  Phoenix (Chrono Boost)  
  35  3:51  Pylon  
  37  4:08  Probe  
  38  4:18  Oracle (Chrono Boost)  
  38  4:20  Probe  
  38  4:27  Twilight Council  
  38  4:32  Probe (Chrono Boost)  
  38  4:35  Stalker, Sentry  
  43  4:42  Probe (Chrono Boost)  
  44  4:46  Forge  
  44  4:47  Probe (Chrono Boost)  
  44  4:48  Probe (Chrono Boost)  
  46  4:58  Probe (Chrono Boost), Sentry  
  50  5:03  Dark Shrine  
  50  5:04  Probe (Chrono Boost)  
  50  5:05  Probe (Chrono Boost)  
  51  5:10  Probe  
  51  5:13  Assimilator  
  52  5:20  Probe  
  53  5:22  Probe  
  53  5:23  Protoss Ground Weapons Level 1 (Chrono Boost)  
  53  5:27  Shield Battery  
  54  5:32  Probe  
  54  5:33  Pylon  
  54  5:34  Probe  
  56  5:36  Blink (Chrono Boost)  
  56  5:39  Gateway  
  56  5:45  Gateway  
  56  5:51  Probe  
  56  5:52  Probe  
  58  6:05  Nexus  
  58  6:08  Stalker  
  60  6:12  Stalker  
  62  6:23  Pylon, Probe x2  
  64  6:31  Stalker  
  66  6:34  Stalker  
  66  6:36  Stalker  
  70  6:42  Pylon  
  70  6:43  Dark Templar  
  70  6:46  Probe x2  
  74  6:49  Pylon  
  74  6:56  Pylon  
  74  6:58  Stalker x2  
  74  6:59  Pylon  
  76  7:08  Stalker  
  76  7:13  Assimilator  
  78  7:22  Stalker x3  
  82  7:32  Nexus, Probe x2  
  82  7:33  Pylon, Protoss Ground Weapons Level 2 (Chrono Boost)  
  84  7:43  Charge  
  84  7:44  Probe x2  
  85  7:47  Photon Cannon  
  86  7:53  Robotics Facility  
  86  7:56  Probe x2  
  88  8:08  Probe  
  89  8:20  Probe  
  89  8:21  Zealot x3, Sentry  
  89  8:22  Probe  
  99  8:27  Gateway  
  99  8:29  Gateway  
  99  8:31  Photon Cannon, Shield Battery  
  99  8:32  Gateway  
  99  8:36  Probe x2  
  99  8:54  Gateway, Observer (Chrono Boost)  
  100  8:55  Pylon  
  100  8:59  Photon Cannon  
  100  9:01  Zealot  
  100  9:02  Zealot x2  
  106  9:03  Templar Archives  
  106  9:04  Zealot  
  106  9:09  Warp Prism  
  110  9:23  Pylon  
  110  9:24  Pylon  
  110  9:25  Zealot x3  
  110  9:27  Zealot  
  118  9:32  Zealot x2  
  118  9:36  Zealot  
  118  9:56  High Templar x5  
  118  9:57  High Templar  
  130  10:01  High Templar, Zealot  
  130  10:02  Archon x2  
  130  10:03  Archon, Probe  
  130  10:04  Assimilator  
  130  10:05  Assimilator  
  135  10:10  Probe x2  
  137  10:15  Probe  
  137  10:17  Pylon  
  138  10:22  High Templar, Probe  
  141  10:28  Archon  
  141  10:29  Zealot  
  141  10:31  Zealot x5  
  153  10:36  Observer  
  130  10:50  Stalker  
  130  10:51  Stalker x5  
Show
View Real Time Build Order
Export as new Build Order

MaxPax Protoss 

Build Orders: Phoenix Opening, Blink Stalkers 

Get SALT Encoding   

  12  0:00  Probe  
  13  0:12  Probe  
  14  0:18  Pylon  
  14  0:24  Probe  
  15  0:36  Probe  
  15  0:40  Gateway  
  16  0:49  Probe (Chrono Boost)  
  17  0:50  Pylon  
  17  1:00  Assimilator, Probe (Chrono Boost)  
  18  1:04  Probe (Chrono Boost)  
  19  1:15  Probe  
  20  1:27  Probe (Chrono Boost)  
  20  1:28  Pylon  
  20  1:31  Cybernetics Core, Zealot  
  23  1:37  Assimilator  
  23  1:45  Probe (Chrono Boost)  
  24  1:56  Probe  
  25  2:07  Stalker (Chrono Boost)  
  25  2:08  Probe  
  28  2:20  Probe  
  28  2:21  Warp Gate  
  28  2:22  Pylon  
  29  2:29  Sentry  
  29  2:34  Pylon  
  31  2:40  Probe  
  32  2:45  Twilight Council  
  32  2:46  Shield Battery  
  32  2:52  Probe  
  32  2:54  Shield Battery  
  33  3:04  Probe  
  34  3:09  Phoenix  
  34  3:11  Pylon  
  33  3:18  Sentry  
  35  3:20  Nexus  
  35  3:23  Shield Battery  
  35  3:25  Blink (Chrono Boost)  
  35  3:33  Probe  
  36  3:38  Shield Battery  
  36  3:45  Stalker, Probe  
  39  3:51  Pylon  
  39  3:53  Shield Battery  
  39  4:05  Probe  
  37  4:17  Probe  
  37  4:21  Shield Battery  
  37  4:22  Stalker  
  38  4:25  Gateway  
  39  4:33  Probe x2 (Chrono Boost)  
  40  4:39  Phoenix  
  40  4:40  Gateway  
  40  4:43  Probe (Chrono Boost)  
  40  4:45  Probe (Chrono Boost)  
  42  4:49  Probe, Sentry  
  45  4:53  Probe  
  46  5:01  Probe  
  46  5:05  Forge, Probe  
  48  5:09  Assimilator  
  48  5:13  Probe  
  49  5:18  Probe  
  50  5:21  Stalker x2  
  55  5:30  Robotics Facility, Probe  
  55  5:31  Probe  
  56  5:41  Protoss Ground Weapons Level 1 (Chrono Boost)  
  56  5:42  Stalker, Probe  
  59  5:43  Probe  
  59  5:49  Pylon  
  60  5:59  Stalker  
  60  6:02  Photon Cannon  
  62  6:07  Stalker x2  
  66  6:13  Probe  
  66  6:18  Observer (Chrono Boost)  
  69  6:25  Stalker  
  70  6:29  Pylon  
  70  6:30  Pylon  
  70  6:36  Nexus  
  70  6:47  Stalker, Probe x2  
  72  6:51  Stalker x2  
  79  6:54  Observer (Chrono Boost)  
  79  6:59  Probe x2  
  80  7:11  Probe x2  
  80  7:12  Stalker  
  80  7:14  Stalker  
  86  7:22  Pylon  
  82  7:28  Gateway, Probe x2  
  76  7:41  Pylon  
  76  7:43  Sentry  
  81  7:44  Stalker x2  
  81  7:49  Pylon  
  81  7:50  Pylon  
  85  7:58  Immortal (Chrono Boost)  
  85  8:00  Charge  
  85  8:08  Pylon  
  70  8:13  Probe  
  70  8:16  Probe x2  
  70  8:17  Pylon  
  67  8:21  Stalker  
  67  8:25  Probe  
  70  8:28  Probe x2  
  70  8:29  Pylon  
  70  8:31  Observer (Chrono Boost)  
  73  8:37  Probe  
  73  8:40  Probe x2  
  76  8:49  Probe (Chrono Boost)  
  76  8:52  Sentry x2  
  76  8:53  Zealot, Probe x2 (Chrono Boost)  
  85  8:56  Photon Cannon  
  85  9:01  Probe (Chrono Boost)  
  87  9:03  Probe (Chrono Boost)  
  87  9:07  Probe (Chrono Boost)  
  87  9:08  Shield Battery  
  87  9:09  Probe (Chrono Boost)  
  88  9:11  Probe  
  90  9:17  Zealot, Probe  
  90  9:21  Probe  
  90  9:22  Zealot  
  97  9:28  Shield Battery  
  97  9:30  Shield Battery  
  95  9:35  Stalker x2  
  99  9:43  Pylon  
  95  9:48  Pylon  
  95  9:49  Observer (Chrono Boost)  
  95  9:51  Assimilator  
  96  9:54  Assimilator, Pylon  
  96  9:56  Probe  
  96  9:58  Stalker  
  99  10:00  Stalker  
  101  10:09  Warp Prism (Chrono Boost)  
  101  10:11  Probe x2  
  105  10:19  Adept  
  107  10:23  Probe x2  
  110  10:31  Robotics Bay  
  110  10:34  Stalker x2  
  113  10:36  Stalker  
  109  10:45  Probe  
  109  10:46  Stalker  
  109  10:48  Probe  
  109  10:49  Probe  
  74  10:58  Stalker x2  
  74  10:59  Stalker  
Tags
 
Add a new tag
Caveats
  • Supply blocks, unpowered buildings, or Contaminate may cause inaccurate times.
  • Supply counts are checked every 10 seconds.